 Dungeon Crawl Stone Soup version 0.32-a0-292-g751ec8d (webtiles) character file.

Game seed: 17254177081732782757

12634 skewfiend the Summoner (level 11, -3/66 HPs)
             Began as a Deep Elf Summoner on Feb 13, 2024.
             Was an Elder of Sif Muna.
             Killed from afar by an eye of devastation (36 damage)
             ... with a bolt of devastation
             ... in a Gauntlet on Feb 14, 2024.
             The game lasted 01:03:17 (10997 turns).

skewfiend the Summoner (Deep Elf Summoner)         Turns: 10997, Time: 01:03:17

Health: -3/66      AC: 12    Str:  5    XL:     11   Next: 65%
Magic:  24/28      EV: 13    Int: 25    God:    Sif Muna [****..]
Gold:   776        SH:  0    Dex: 21    Spells: 18/32 levels left

rFire   . . .        h - +5 Force Lance {heavy, knockback}
rCold   . . .        (no shield)
rNeg    . . .        A - +0 steam dragon scales
rPois   +            B - +2 helmet
rElec   .            a - +2 cloak
rCorr   .            I - +0 pair of gloves
SInv    .            (no boots)
Will    .....        y - amulet of magic regeneration
Stlth   +            D - ring of poison resistance
HPRegen 0.31/turn    u - +6 ring of dexterity
MPRegen 0.61/turn

%: no teleportation
@: confused, weak-willed, inugami summoned
A: no striking features
a: Renounce Religion, Channel Magic, Forget Spell, Divine Exegesis


You were in a Gauntlet.
You worshipped Sif Muna.
Sif Muna was greatly pleased with you.
You visited 3 branches of the dungeon, and saw 12 of its levels.
You also visited: Bailey and Gauntlet.

You collected 776 gold pieces.

Inventory:

Hand Weapons
 h - the +5 Force Lance (weapon) {heavy, knockback}
   (You found it on level 10 of the Dungeon)
 V - a +5 demon trident of freezing
Missiles
 K - 3 throwing nets
 S - 5 javelins
 U - 2 curare-tipped darts
Armour
 a - a +2 cloak (worn)
 A - +0 steam dragon scales (worn)
 B - a +2 helmet (worn)
 I - a +0 pair of gloves (worn)
Jewellery
 m - a ring of flight
 u - a +6 ring of dexterity (right hand)
 y - an amulet of magic regeneration (around neck)
 D - a ring of poison resistance (left hand)
 E - a +5 ring of evasion
Wands
 k - a wand of flame (8)
 l - a wand of quicksilver (26)
 n - a wand of mindburst (13)
 Q - a wand of iceblast (21)
 Z - a wand of paralysis (11)
Scrolls
 q - 3 scrolls of fog
 v - a scroll of noise {unknown}
 F - a scroll of teleportation
 L - a scroll of fear {unknown}
 M - a scroll of amnesia {unknown}
 O - a scroll of summoning {unknown}
 W - a scroll of poison
 X - a scroll of brand weapon {unknown}
Potions
 b - 3 potions of magic
 c - a potion of mutation
 e - a potion of lignification
 j - a potion of invisibility
 o - 2 potions of brilliance
 p - a potion of cancellation
 r - a potion of curing
 t - 2 potions of attraction
 x - a potion of resistance
 z - a potion of enlightenment
 T - a potion of berserk rage {unknown}


   Skills:
 + Level 6.9 Fighting
 - Level 2.4 Dodging
 - Level 2.4 Stealth
 + Level 11.3 Spellcasting
 * Level 13.6 Summonings
 - Level 3.0 Fire Magic
 - Level 3.0 Air Magic
 + Level 8.2 Invocations


You had 18 spell levels left.
You knew the following spells:

 Your Spells              Type           Power      Damage    Failure   Level
a - Summon Small Mammal   Summ           100%       N/A       0%          1
b - Call Imp              Summ           100%       N/A       1%          2
c - Call Canine Familiar  Summ           70%        N/A       1%          3
d - Summon Blazeheart Go  Fire/Summ      54%        N/A       1%          4
e - Summon Lightning Spi  Summ/Air       54%        N/A       1%          4

Your spell library contained the following spells:

 Spells                   Type           Power      Damage    Failure   Level
 Blink                    Tloc           28%        N/A       6%          2
 Ensorcelled Hibernation  Hex/Ice        28%        N/A       6%          2
 Lesser Beckoning         Tloc           28%        N/A       6%          2
 Momentum Strike          Conj/Tloc      28%        3d8       6%          2
 Sublimation of Blood     Necr           14%        N/A       6%          2
 Fugue of the Fallen      Necr           14%        N/A       13%         3
 Sigil of Binding         Hex            14%        N/A       13%         3
 Anguish                  Hex/Necr       7%         N/A       38%         4
 Dimensional Bullseye     Hex/Tloc       7%         N/A       38%         4
 Petrify                  Alch/Erth      14%        N/A       38%         4
 Irradiate                Conj/Alch      7%         3d14      75%         5
 Chain Lightning          Conj/Air       10%        3d14      100%        9
 Fire Storm               Conj/Fire      10%        8d3       100%        9
 Shatter                  Erth           7%         3d9*      100%        9


Dungeon Overview and Level Annotations

Branches:
Dungeon (10/15)            Temple (1/1) D:5            Lair (1/5) D:10
 Bailey (visited)         Gauntlet (1/1)
    Orc: D:9-12

Altars:
Cheibriados
Dithmenos
Elyvilon
Fedhas
Gozag
Hepliaklqana
Kikubaaqudgha
Makhleb
Nemelex Xobeh
Okawaru
Qazlal
Ru
Sif Muna
Trog
Uskayaw
Vehumet
Wu Jian
Xom
Yredelemnul
Zin
The Shining One

Annotations:
D:1 fire gold
D:5 3 runed translucent doors, Dega's ghost, novice SpCj Gauntlet 11 transporters, 1 runed translucent door


Message History

The bolt of devastation hits your lightning spire.
Your inugami misses the golden eye.
Okay, then.
It was a potion of heal wounds.
You feel much better.
The golden eye blinks!
The eye of devastation gazes at you. The bolt of devastation hits you!!
The bolt of devastation hits your lightning spire!!
Your lightning spire is destroyed!
Your lightning spire disappears in a puff of smoke!
You feel better.
Your cerulean imp closely misses the golden eye.
Your inugami hits the golden eye. The golden eye blinks at you.
You are confused.
The golden eye fails to trigger a net trap.
The eye of devastation enters a dispersal trap!
The golden eye blinks!
Your blazeheart golem blinks!
Your cerulean imp blinks! x2
Your inugami blinks!
Your blazeheart golem blinks!
You blink.
The eye of devastation blinks!
Your cerulean imp misses the golden eye.
Unknown command.
You're too confused to move!
The neqoxec shouts!
The chaos spawn's ox head lows!
The golden eye blinks at you. You resist with some effort.
Your cerulean imp closely misses the golden eye.
The chaos spawn splatters into many small globs of multi-coloured light, then recombines.
You are too confused!
Okay, then.
Press: ? - help, v - describe, . - travel The floor.
You are too confused!
The golden eye blinks at you.
You easily resist.
You bump into the granite statue.
The eye of devastation gazes at you. The bolt of devastation hits you!!!
Ouch! That really hurt!
You die...

## ### ### ### ### ### ##
##≈###≈###≈###≈###≈###≈###≈
#≈≈≈#≈≈≈#≈≈≈#≈≈≈#≈≈≈#≈≈≈#≈≈
#≈........................
##.#########...#########..
##≈.#9.ß#ß@.#.⌠.#4......#.⌠
#≈≈.#...ß.GG#...#..####[#..
##≈.#ß.ß.ß.?#####.##3.#?###
##©##ß^h^ß5#©.©#.#.©#.©#©.
##..#ß.ß.ß..#.⌠.#.#.##..#.⌠
##...#...ß..=#...#3##....#..
##≈.∩.#..ß#ß..#.⌠.#.......#.⌠
##≈≈...#########...#########..
#≈≈≈.⌠.........#.⌠. .....#.⌠


You could see an eye of devastation, a neqoxec, a chaos spawn, a golden eye
(ally target), a friendly cerulean imp (summoned) and a friendly inugami
(summoned).

Vanquished Creatures
  A two-headed ogre (D:10)
  A death yak (D:10)
  3 elephants (Lair:1)
  2 cane toads (Lair:1)
  A troll (D:9)
  Prince Ribbit (D:7)
  A wraith (D:9)
  A vampire (D:9)
  A wyvern (D:7)
  A yak (D:10)
  2 steam dragons (D:9)
  2 vampire mosquitoes (D:10)
  A water moccasin (D:7)
  An orc warrior (Bailey)
  A sky beast (D:7)
  3 bullfrogs
  2 scorpions
  A wight (D:7)
  A killer bee (D:10)
  A hound (D:6)
  An orc priest (D:4)
  An iguana (D:7)
  2 sleepcaps
  5 orc wizards
  2 gnolls (D:4)
  An adder (D:2)
  3 orcs
  2 ball pythons
  A giant cockroach (D:4)
  7 goblins
  4 hobgoblins
  3 jackals
  3 kobolds (D:8)
  A bat (D:1)
  2 frilled lizards
  2 rats
68 creatures vanquished.

Vanquished Creatures (collateral kills)
  An orc knight (Bailey)
  2 elephants (Lair:1)
  Grinder (D:5)
  A hornet (D:9)
  11 yaks
  A basilisk (Lair:1)
  A steam dragon (D:10)
  2 vampire mosquitoes (D:10)
  Menkaure (D:5)
  A water moccasin (D:5)
  An acid dragon (D:9)
  3 ice beasts
  5 orc warriors
  2 sky beasts
  A black bear (D:7)
  2 centaurs (D:9)
  3 kobold brigands (D:8)
  2 bullfrogs
  2 scorpions
  A gnoll sergeant (D:5)
  2 wights (D:7)
  10 killer bees
  A howler monkey (D:5)
  2 jellies
  3 hounds
  A gnoll bouda (D:6)
  6 orc priests
  A sleepcap (D:4)
  Ijyb (D:5)
  4 iguanas
  7 orc wizards
  Robin (D:3)
  5 gnolls
  5 adders
  3 white imps
  2 ufetubi (D:6)
  A ribbon worm (D:2)
  3 dart slugs
  43 orcs
  4 bats
  4 endoplasms
  2 giant cockroaches
  16 goblins
  12 hobgoblins
  2 jackals (D:3)
  3 quokkas
  4 ball pythons
  A frilled lizard (D:2)
  10 kobolds
  5 rats
208 creatures vanquished.

Vanquished Creatures (others)
  A centaur (D:8)
  25 blazeheart cores
26 creatures vanquished.

Grand Total: 302 creatures vanquished

Notes
Turn   | Place    | Note
-------+----------+-------------------------------------------
     0 | D:1      | skewfiend the Deep Elf Summoner began the quest for the
                  | Orb.
     0 | D:1      | Reached XP level 1. HP: 10/10 MP: 6/6
   203 | D:1      | Reached XP level 2. HP: 16/16 MP: 6/8
   209 | D:1      | Learned a level 2 spell: Call Imp
   621 | D:1      | Reached skill level 5 in Summonings
   623 | D:1      | Reached XP level 3. HP: 20/20 MP: 3/10
   735 | D:1      | Reached skill level 1 in Fighting
  1001 | D:1      | HP: 1/20 [something (19)]
  1263 | D:2      | HP: 1/20 [hobgoblin (4)]
  1663 | D:2      | Reached XP level 4. HP: 21/25 MP: 8/11
  1850 | D:2      | Learned a level 3 spell: Call Canine Familiar
  1855 | D:2      | Learned a level 4 spell: Summon Blazeheart Golem
  1984 | D:2      | Upgraded the game from 0.32-a0-290-g598725c to
                  | 0.32-a0-292-g751ec8d
  2179 | D:3      | Found a shadowy altar of Dithmenos.
  2553 | D:4      | Noticed a scorpion
  2564 | D:4      | Killed a scorpion
  2565 | D:4      | Reached skill level 1 in Fire Magic
  2565 | D:4      | Reached XP level 5. HP: 29/29 MP: 6/13
  2780 | D:4      | Reached skill level 6 in Summonings
  2790 | D:4      | Reached XP level 6. HP: 27/35 MP: 6/14
  3072 | D:3      | Found a stormy altar of Qazlal.
  3151 | D:3      | Found a sparkling altar of Nemelex Xobeh.
  3555 | D:3      | Noticed Robin
  3563 | D:3      | Killed Robin
  3564 | D:3      | Reached skill level 5 in Spellcasting
  3842 | D:4      | Learned a level 4 spell: Summon Lightning Spire
  4075 | D:4      | Reached skill level 1 in Air Magic
  4206 | D:4      | Reached XP level 7. HP: 40/40 MP: 14/16
  4354 | D:5      | Entered Level 5 of the Dungeon
  4402 | D:5      | Noticed Menkaure
  4419 | D:5      | Killed Menkaure
  4420 | D:5      | Reached skill level 7 in Summonings
  4511 | D:5      | Found a runed translucent gate.
  4520 | D:5      | Found a runed translucent gate.
  4520 | D:5      | Found a runed translucent gate.
  4520 | D:5      | Noticed Dega's ghost (novice SpCj)
  4592 | D:5      | Found a staircase to the Ecumenical Temple.
  4597 | Temple   | Entered the Ecumenical Temple
  4606 | Temple   | Became a worshipper of Sif Muna the Loreminder
  4850 | D:5      | Reached skill level 1 in Invocations
  5102 | D:5      | Noticed Grinder
  5117 | D:5      | Killed Grinder
  5118 | D:5      | Reached skill level 8 in Summonings
  5118 | D:5      | Reached XP level 8. HP: 42/46 MP: 16/19
  5147 | D:5      | Noticed Ijyb
  5158 | D:5      | Killed Ijyb
  5686 | D:6      | Reached skill level 9 in Summonings
  5688 | D:6      | You fall into a shaft and drop 3 floors!
  5927 | D:9      | Reached * piety under Sif Muna
  5928 | D:9      | Reached XP level 9. HP: 40/52 MP: 20/22
  6144 | D:9      | Found the +5 robe of Misfortune {Harm *Corrode *Slow EV+5}
  6989 | D:6      | Reached skill level 10 in Summonings
  7077 | D:6      | Found a radiant altar of Vehumet.
  7201 | D:6      | Reached skill level 5 in Invocations
  7423 | D:6      | Reached ** piety under Sif Muna
  7599 | D:7      | Noticed Prince Ribbit
  7606 | D:7      | Killed Prince Ribbit
  7607 | D:7      | Reached skill level 5 in Fighting
  7630 | D:7      | Reached XP level 10. HP: 57/59 MP: 18/24
  7744 | D:7      | Reached skill level 11 in Summonings
  9500 | D:10     | Entered Level 10 of the Dungeon
  9511 | D:10     | Noticed a death yak
  9525 | D:10     | Noticed a two-headed ogre
  9531 | D:10     | Killed a two-headed ogre
  9532 | D:10     | Reached skill level 12 in Summonings
  9540 | D:10     | Found a staircase to the Lair.
  9547 | D:10     | Reached skill level 10 in Spellcasting
  9549 | D:10     | Killed a death yak
  9578 | D:10     | Reached *** piety under Sif Muna
  9579 | D:10     | Reached XP level 11. HP: 41/64 MP: 10/27
  9736 | D:10     | Found a flagged portal.
  9737 | D:10     | Found the +5 Force Lance {heavy, knockback}
  9760 | Bailey   | Entered a bailey
  9972 | Bailey   | Noticed an orc knight
 10003 | Bailey   | Killed an orc knight
 10394 | Lair:1   | Entered Level 1 of the Lair of Beasts
 10518 | Lair:1   | Reached **** piety under Sif Muna
 10521 | Lair:1   | Reached skill level 13 in Summonings
 10703 | Lair:1   | Found a gate leading to a gauntlet.
 10732 | Gauntlet | Entered a Gauntlet
 10732 | Gauntlet | Found a transporter.
 10732 | Gauntlet | Found a transporter.
 10750 | Gauntlet | Found a transporter.
 10750 | Gauntlet | Found a transporter.
 10754 | Gauntlet | Found a transporter.
 10754 | Gauntlet | Found a transporter.
 10775 | Gauntlet | Noticed a sixfirhy
 10783 | Gauntlet | Found a transporter.
 10784 | Gauntlet | Found a transporter.
 10791 | Gauntlet | Noticed a catoblepas
 10850 | Gauntlet | Found a transporter.
 10854 | Gauntlet | Found a transporter.
 10858 | Gauntlet | Noticed a death drake
 10868 | Gauntlet | Found a transporter.
 10882 | Gauntlet | Found a runed translucent door.
 10886 | Gauntlet | Found a transporter.
 10997 | Gauntlet | Killed from afar by an eye of devastation

Illustrated notes

Levels and vault maps discovered:
D:1:      scummos_arrival_gate, layout_loops_ring,
          chequers_serial_rivers_small_a, lemuel_flame_loot_1
D:2:      layout_loops_ring, minmay_distorted
D:3:      kennysheep_goblin_castle, layout_basic, mainiacjoe_overflow_boulevard,
          mainiacjoe_overflow_catch_the_wave
D:4:      layout_loops_ring
D:5:      layout_gridville, temple_doors_cd, gammafunk_ghost_split,
          uniq_menkaure, uniq_ijyb, uniq_grinder
D:6:      layout_basic, lemuel_doored_altar, minmay_circle_x
D:7:      layout_loops_ring, uniq_prince_ribbit1
D:8:      layout_loops_ring, serial_glass, glass_columns_c, glass_columns_a,
          glass_columns_a, glass_columns_a, glass_columns_a, glass_columns_a,
          minmay_hedge_maze
D:9:      layout_loops_ring
D:10:     layout_layer_cave, cheibrodos_ashenzari_chains, dpeg_lair_monsters,
          enter_bailey_2, hangedman_decor_push, mrwooster_statue_mirror,
          nrook_uturn, uniq_gastronok
Temple:   nicolae_temple_bog_church
Lair:1:   gammafunk_boulding_lane, layout_chaotic_city, gauntlet_entry_generic,
          serial_bayou_shore_b
Gauntlet: minmay_gauntlet_77_indecision
          [minmay_gauntlet_arena_77_terracotta_army,
          minmay_gauntlet_arena_77_radiant_squares,
          minmay_gauntlet_arena_77_hold_the_fort,
          minmay_gauntlet_arena_77_double_cross,
          minmay_gauntlet_arena_77_museum, minmay_gauntlet_arena_77_path,
          gauntlet_exit_green]

Skill      XL: |  1  2  3  4  5  6  7  8  9 10 11 |
---------------+----------------------------------+-----
Summonings     | 5 6 8 9 10 12 13 | 13.6
Fighting       | 1 2 3 4 5 6 |  6.9
Spellcasting   | 4 5 6 7 8 10 11 | 11.3
Fire Magic     | 1 2 3 |  3.0
Air Magic      | 1 3 |  3.0
Invocations    | 2 3 5 7 8 |  8.2
Dodging        | |  2.4
Stealth        | |  2.4

Action                     |  1- 3 |  4- 6 |  7- 9 | 10-12 || total
---------------------------+-------+-------+-------+-------++-------
  Melee: Short sword       |    39 |     9 |       |       ||    48
         Spear             |       |     9 |       |       ||     9
         Trident           |       |    29 |    64 |       ||    93
         Demon trident     |       |       |    19 |    47 ||    66
         Lance             |       |       |       |    18 ||    18
  Throw: Stone             |       |     1 |       |       ||     1
   Cast: Summon Small Mamm |    34 |    39 |    20 |    10 ||   103
         Call Imp          |    17 |    30 |    21 |    15 ||    83
         Call Canine Famil |       |    15 |    16 |    11 ||    42
         Summon Blazeheart |       |     1 |    26 |    33 ||    60
         Summon Lightning  |       |       |    17 |    34 ||    51
    Use: Scroll            |       |     4 |     7 |    13 ||    24
         Potion            |       |     2 |     1 |     4 ||     7
   Stab: Sleeping          |     2 |     3 |     1 |       ||     6
         Distracted        |     1 |     2 |     5 |     2 ||    10
 Armour: Robe              |    29 |    27 |    47 |    13 ||   116
         Steam dragon scal |       |       |       |    55 ||    55
  Dodge: Dodged            |    30 |    28 |    46 |    59 ||   163

Table legend: (Time is in decaauts)
 A = Elapsed time spent in this place.
 B = Non-inter-level travel time spent in this place.
 C = Inter-level travel time spent in this place.
 D = Time resting spent in this place.
 E = Time spent auto-exploring this place.
 F = Levels seen in this place.
 G = Mean time per level.
                   A        B        C        D        E       F      G
               +--------+--------+--------+--------+--------+-----+--------+
         Total |  11110 |  10459 |    651 |    626 |   6711 |  14 |  793.6 |
       Dungeon |   9921 |   9291 |    630 |    448 |   6420 |  10 |  992.1 |
        Temple |     15 |      9 |      6 |      0 |      0 |   1 |   15.0 |
          Lair |    280 |    266 |     14 |      0 |     54 |   1 |  280.0 |
        Bailey |    628 |    628 |      0 |    178 |    182 |   1 |  628.0 |
      Gauntlet |    264 |    264 |      0 |      0 |     54 |   1 |  264.0 |
               +--------+--------+--------+--------+--------+-----+--------+

Top non-repeatable levels by time:
     D:8: 1253 daAuts
     D:9: 1203 daAuts
     D:5: 1185 daAuts
     D:1: 1176 daAuts
     D:3: 1160 daAuts
     D:2: 1066 daAuts
     D:4: 961 daAuts
     D:7: 779 daAuts
     D:6: 765 daAuts
  Bailey: 628 daAuts
    D:10: 368 daAuts
  Lair:1: 280 daAuts
Gauntlet: 264 daAuts
  Temple: 15 daAuts
